 Dungeon Crawl Stone Soup version 0.28-a0-1212-gc6b4282bc0 (webtiles) character file.

Game seed: 11645330156373515837

399877 Peloso the Hoplite (level 22, 0/228 HPs)
             Began as a Minotaur Fighter on Dec 20, 2021.
             Was the Champion of Okawaru.
             Killed by an exploding golden dragon (52 damage)
             ... ignited by their inner flame
             ... on level 5 of the Vaults on Dec 21, 2021.
             The game lasted 03:21:51 (62912 turns).

Peloso the Hoplite (Minotaur Fighter)              Turns: 62912, Time: 03:21:51

Health: 0/228      AC: 42    Str: 36    XL:     22   Next: 26%
Magic:  18/23      EV: 13    Int: 10    God:    Okawaru [******]
Gold:   2206       SH: 26    Dex: 21    Spells: 21/21 levels left

rFire   . . .      SeeInvis +   a - +8 double sword "Giantbane" {freeze, rC+ rN+}
rCold   + . .      Faith    .   B - +2 kite shield {reflect}
rNeg    + + .      Spirit   .   c - +11 plate armour of Asawiqaf {rN+ Will+ rCorr Stlth-}
rPois   +          Reflect  +   l - +2 hat {SInv}
rElec   .          Harm     .   J - +2 cloak {rCorr}
rCorr   +          Rampage  .   n - +1 pair of gloves {infuse}
Will    ++...                   x - +2 pair of boots {Fly}
Stlth   ..........              P - amulet "Waisasam" {Reflect Int+3 Dex+3 SH+5}
HPRegen 0.48/turn               h - +6 ring of dexterity
MPRegen 0.18/turn               F - ring of Psychosis {Drain rPois Str+6 Int+4}

@: flying, studying Axes
A: horns 2, retaliatory headbutt, dopey 1
}: 2/15 runes: barnacled, gossamer
a: Renounce Religion, Heroism, Finesse, Duel


You were on level 5 of the Vaults.
You worshipped Okawaru.
Okawaru was exalted by your worship.
You visited 8 branches of the dungeon, and saw 40 of its levels.
You visited the Abyss 1 time.
You also visited: Gauntlet and Ice Cave.

You collected 6173 gold pieces.
You spent 3967 gold pieces at shops.

Inventory:

Hand Weapons
 a - the +8 double sword "Giantbane" (weapon) {freeze, rC+ rN+}
   (You acquired it in an ice cave)

   It freezes those it strikes, dealing additional cold damage.
   It can also slow down cold-blooded creatures.
   rC:        It protects you from cold.
   rN:        It protects you from negative energy.
 b - a +2 double sword of venom
 H - a +6 long sword of flaming
Armour
 c - the +11 plate armour of Asawiqaf (worn) {rN+ Will+ rCorr Stlth-}
   (You bought it in a shop on level 1 of the Elven Halls)

   rN:        It protects you from negative energy.
   rCorr:     It protects you from acid and corrosion.
   Will:      It increases your willpower.
   Stlth:     It makes you less stealthy.
 l - a +2 hat of see invisible (worn)
 n - a +1 pair of gloves of infusion (worn)
 t - a +2 hat of willpower
 x - a +2 pair of boots of flying (worn)
 B - a +2 kite shield of reflection (worn)
 J - a +2 cloak of preservation (worn)
 Y - a +1 buckler of resistance
Jewellery
 h - a +6 ring of dexterity (left hand)
 w - a ring of willpower
 F - the ring of Psychosis (right hand) {Drain rPois Str+6 Int+4}
   (You took it off a deep elf demonologist on level 3 of the Elven Halls)

   [ring of strength]

   Str:       It affects your strength (+6).
   Int:       It affects your intelligence (+4).
   rPois:     It protects you from poison.
   Drain:     It drains your maximum health when unequipped.
 P - the amulet "Waisasam" (around neck) {Reflect Int+3 Dex+3 SH+5}
   (You found it in an ice cave)

   [amulet of reflection]

   It reflects blocked missile attacks.
   Int:       It affects your intelligence (+3).
   Dex:       It affects your dexterity (+3).
   SH:        It affects your SH (+5).
Wands
 M - a wand of digging (5)
Scrolls
 e - 4 scrolls of blinking
 q - 8 scrolls of magic mapping
 s - 12 scrolls of teleportation
 v - 8 scrolls of fear
 y - 12 scrolls of identify
 A - 3 scrolls of noise
 I - 3 scrolls of immolation
 Q - a scroll of acquirement
Potions
 d - 16 potions of might
 i - 12 potions of curing
 m - 2 potions of haste
 u - 6 potions of heal wounds
 G - 4 potions of berserk rage


   Skills:
 + Level 26.0 Fighting
 + Level 25.2 Long Blades
 + Level 19.4 Armour
 + Level 6.3 Dodging
 + Level 3.2 Stealth
 + Level 26.7 Shields
 + Level 2.7 Invocations
 + Level 2.1 Evocations


You had 21 spell levels left.
You didn't know any spells.
Your spell library contained the following spells:

 Spells                   Type           Power      Damage    Failure   Level
 Apportation              Tloc           0%         N/A       77%         1
 Beastly Appendage        Tmut           0%         N/A       77%         1
 Foxfire                  Conj/Fire      0%         2x1d4     77%         1
 Magic Dart               Conj           0%         1d3       77%         1
 Pain                     Necr           0%         1d4       77%         1
 Blink                    Tloc           0%         N/A       88%         2
 Corpse Rot               Necr/Air       0%         N/A       88%         2
 Ensorcelled Hibernation  Hex/Ice        0%         N/A       88%         2
 Passwall                 Tmut/Erth      0%         N/A       88%         2
 Static Discharge         Conj/Air       0%         N/A       88%         2
 Sublimation of Blood     Necr           0%         N/A       88%         2
 Wereblood                Tmut           0%         N/A       88%         2
 Conjure Flame            Conj/Fire      0%         6-21      98%         3
 Dazzling Flash           Conj/Hex       0%         N/A       98%         3
 Gell's Gravitas          Tloc           0%         N/A       98%         3
 Inner Flame              Hex/Fire       0%         N/A       98%         3
 Lesser Beckoning         Tloc           0%         N/A       98%         3
 Mephitic Cloud           Conj/Pois/Air  0%         N/A       98%         3
 Ozocubu's Armour         Ice            0%         N/A       98%         3
 Spider Form              Tmut/Pois      0%         N/A       98%         3
 Swiftness                Air            0%         N/A       98%         3
 Teleport Other           Tloc           0%         N/A       98%         3
 Vampiric Draining        Necr           0%         2d6       98%         3
 Cause Fear               Hex            0%         N/A       100%        4
 Dispel Undead            Necr           0%         3d6       100%        4
 Flame Wave               Conj/Fire      0%         2d4       100%        4
 Iskenderun's Mystic Bla  Conj/Tloc      0%         2d3       100%        4
 Leda's Liquefaction      Hex/Erth       0%         N/A       100%        4
 Petrify                  Tmut/Erth      0%         N/A       100%        4
 Sticky Flame             Conj/Fire      0%         2d3       100%        4
 Agony                    Necr           0%         N/A       100%        5
 Blade Hands              Tmut           0%         N/A       100%        5
 Excruciating Wounds      Necr           0%         N/A       100%        5
 Irradiate                Conj/Tmut      0%         3d13      100%        5
 Lee's Rapid Deconstruct  Erth           0%         3d5*      100%        5
 Lightning Bolt           Conj/Air       0%         1d11      100%        5
 Manifold Assault         Tloc           0%         N/A       100%        5
 Metabolic Englaciation   Hex/Ice        0%         N/A       100%        5
 Dispersal                Tloc           0%         N/A       100%        6
 Eringya's Noxious Bog    Tmut/Pois      0%         N/A       100%        6
 Starburst                Conj/Fire      0%         6d3       100%        6
 Statue Form              Tmut/Erth      0%         N/A       100%        6
 Dragon Form              Tmut           0%         N/A       100%        7
 Ozocubu's Refrigeration  Ice            0%         4d5       100%        7
 Storm Form               Tmut/Air       0%         N/A       100%        7
 Discord                  Hex            0%         N/A       100%        8
 Maxwell's Capacitive Co  Air            0%         ∞         100%        8
 Animate Skeleton         Necr           Unusable   N/A       N/A         1
 Summon Small Mammal      Summ           Unusable   N/A       N/A         1
 Call Imp                 Summ           Unusable   N/A       N/A         2
 Tukima's Dance           Hex            Unusable   N/A       N/A         3
 Summon Forest            Summ/Tloc      Unusable   N/A       N/A         5
 Death Channel            Necr           Unusable   N/A       N/A         6
 Summon Hydra             Summ           Unusable   N/A       N/A         7

Dungeon Overview and Level Annotations

Branches:
Dungeon (15/15)            Temple (1/1) D:4            Lair (6/6) D:8
 Shoals (4/4) Lair:2       Spider (4/4) Lair:2        Slime (0/5) Lair:5
    Orc (2/2) D:9             Elf (3/3) Orc:2        Vaults (5/5) D:14
  Crypt (0/3) Vaults:3     Depths (0/4) D:15          IceCv (visited)
Gauntlet (visited)

Altars:
Ashenzari
Cheibriados
Dithmenos
Elyvilon
Fedhas
Gozag
Hepliaklqana
Kikubaaqudgha
Makhleb
Nemelex Xobeh
Okawaru
Qazlal
Ru
Sif Muna
Trog
Uskayaw
Vehumet
Wu Jian
Xom
Yredelemnul
Zin
The Shining One
Beogh
Lugonu

Shops:
D:8 =   D:14 (   D:15 [   Orc:2 **(:   Elf:1 [:[[!   Shoals:2 (
Vaults:1 ?*[*[   Vaults:2 *   Vaults:4 =

Portals:
Abyss: Lair:6
Pandemonium: Orc:2

Annotations:
Lair:5 Casaq


Innate Abilities, Weirdness & Mutations

You have a pair of horns on your head.
You reflexively headbutt those who attack you in melee.
You are dopey. (Int -2)


Message History

The glowing orange brain explodes!
You hear a shout!
Unknown command.
A magical barricade bars your way!
You feel much better.
You are engulfed in blazing flames.
The dream sheep changes into a salamander!
The golden dragon is engulfed in blazing flames.
Flame seeps out of the golden dragon.
The titan is engulfed in blazing flames.
Flame seeps out of the titan.
The titan gestures wildly while chanting.
The titan is healed somewhat.
The vault warden is engulfed in blazing flames.
Flame seeps out of the vault warden.
The vault guard is engulfed in blazing flames.
Flame seeps out of the vault guard.
The vault guard hits you but does no damage.
You slice the golden dragon!!
Flame seeps out of the golden dragon.
You freeze the golden dragon.
Flame seeps out of the golden dragon.
You headbutt the golden dragon, but do no damage.
The golden dragon is heavily wounded.
You are engulfed in blazing flames.
The golden dragon is engulfed in blazing flames.
Flame seeps out of the golden dragon.
The golden dragon breathes cold at you. The bolt of cold hits you!! You resist.
You hear a sizzling sound!
The titan is engulfed in blazing flames.
Flame seeps out of the titan.
The titan points at you and mumbles some strange words.
The bolt of lightning hits you!!!
* * * LOW HITPOINT WARNING * * *
You hear a shout!
Unknown command.
You open the golden dragon like a pillowcase!!!
You freeze the golden dragon. Okawaru accepts your kill.
The golden dragon explodes!
The fiery explosion engulfs you!!!
You die...

.....#....# ..
....#....#..#
...#....#...
..........N
#####.§.§§§..##
....§§))C§.....
....§§§§§§§§...
....§§§@§§§§...
....§§)§p§§§...
#####§§p§§§..##
#§§§§§§§....
#§§#....#...
..##....# ..
..# #....# .
#.. #....#


You could see a titan (inner flame), a vault warden (inner flame), a vault guard
(inner flame) and a salamander shaped shifter.

Vanquished Creatures
  An ancient lich (Vaults:4)
  Margery (Vaults:2)
  Xtahua (Vaults:3)
  A golden dragon (Vaults:5)
  Nikola (Elf:1)
  Jory (Vaults:2)
  Arachne (Spider:4)
  The ghost of Qeott the Genius of the Arcane, an adept GnCj of Sif Muna (Vaults:2)
  Jorgrun (Spider:1)
  Asterion (Spider:1)
  A deep elf master archer (Elf:3)
  Polyphemus (Shoals:4)
  3 sphinxes
  Gastronok (D:8)
  Agnes (Vaults:1)
  Kirke (Elf:1)
  A tentacled starspawn (Abyss:3)
  A shadow dragon (Vaults:3)
  An ancient champion (Vaults:1)
  A storm dragon (Vaults:3)
  Frances (Spider:1)
  Donald (Shoals:2)
  4 tengu reavers
  The ghost of Goaghut the Warrior, an adept KoBe of Trog (Spider:4)
  Roxanne (Spider:3)
  The ghost of confidenceinterval the Black Belt, an adept DsNe of Ashenzari (Elf:1)
  2 azure jellies (IceCv)
  A fire giant (Vaults:3)
  A revenant (Vaults:3)
  8 deep elf elementalists (Elf:3)
  A frost giant (Vaults:2)
  4 deep elf sorcerers
  A balrug (Gauntlet)
  7 ghost moths
  2 orc warlords
  4 emperor scorpions (Spider:4)
  12 vault wardens
  A quicksilver ooze (IceCv)
  15 ironbound preservers
  A spriggan defender (Vaults:1)
  3 very ugly things
  5 stone giants
  2 war gargoyles (Vaults:1)
  7 ironbound thunderhulks
  6 deep elf demonologists
  A vampire knight (Vaults:1)
  4 spark wasps
  12 dire elephants (Vaults:1)
  9 entropy weavers
  9 deep elf annihilators
  A minotaur (Gauntlet)
  Snorg (Lair:6)
  5 deep elf death magi (Elf:3)
  An eidolon (Vaults:3)
  2 merfolk javelineers (Shoals:4)
  2 deep elf high priests (Elf:3)
  An ettin (shapeshifter) (Lair:6)
  7 merfolk impalers
  4 ettins
  11 yaktaur captains
  2 great orbs of eyes
  38 vault guards
  Josephine (D:11)
  3 demonspawn (Orc:2)
  9 hydras
  2 ogre magi
  3 spriggan zombies (D:15)
  3 boulder beetles
  8 ironbound frosthearts
  Erica (D:8)
  17 death yaks
  10 centaur warriors
  An alligator snapping turtle (Shoals:4)
  A peacekeeper (Vaults:1)
  A catoblepas (Shoals:4)
  22 dancing weapons
  9 two-headed ogres
  3 merfolk aquamancers (Shoals:4)
  2 death knights
  A death scarab (Gauntlet)
  5 tengu warriors
  2 satyrs (Shoals:4)
  3 orc high priests (Orc:2)
  4 thrashing horrors (Lair:6)
  Urug (Orc:2)
  Nergalle (Lair:1)
  A titan zombie (Vaults:2)
  6 hell knights (Vaults:2)
  16 deep elf knights
  A soul eater (Vaults:3)
  A wretched star (Gauntlet)
  16 skeletal warriors (D:15)
  6 sea snakes
  A golden dragon zombie (D:15)
  A glowing orange brain (Vaults:3)
  40 deep trolls
  A flayed ghost (D:15)
  A glowing orange brain (shapeshifter) (Vaults:5)
  17 ironbound convokers
  34 deep elf zephyrmancers
  5 lindwurms
  7 wizards
  A tengu zombie (Vaults:2)
  A phantasmal warrior (Vaults:4)
  5 necromancers
  12 deep elf archers
  39 wolf spiders
  19 deep elf pyromancers
  7 orc knights
  4 oklob plants (Lair:5)
  36 harpies
  2 human zombies
  22 orb spiders
  10 orc sorcerers
  15 ugly things
  13 manticores
  A worldbinder (Gauntlet)
  9 cyclopes
  9 elephants
  8 merfolk sirens
  10 fauns
  3 water nymphs (Shoals:4)
  19 vault sentinels
  2 ice statues (IceCv)
  5 moths of wrath
  2 stone giant skeletons
  6 black mambas
  3 smoke demons (Lair:6)
  4 gargoyles
  A human skeleton (Vaults:2)
  A torpor snail (shapeshifter) (Vaults:3)
  A torpor snail (Lair:4)
  11 cane toads
  A titan simulacrum (Vaults:4)
  A rime drake (Lair:3)
  6 freezing wraiths
  A kobold demonologist (D:7)
  A yaktaur (shapeshifter) (D:15)
  33 yaktaurs
  Psyche (D:11)
  10 komodo dragons
  2 ancient zymes (Lair:6)
  2 efreet
  14 demonic crawlers
  2 ice devils (Lair:2)
  6 entropy weaver simulacra (IceCv)
  2 tengu conjurers (D:13)
  A yaktaur skeleton (Vaults:2)
  22 jumping spiders
  3 meliai (Spider:2)
  3 polar bears
  A queen bee (Spider:2)
  6 hornets
  24 merfolk
  7 trolls
  A troll (shapeshifter) (D:15)
  54 slime creatures
  A blink frog (shapeshifter) (Lair:6)
  9 snapping turtles
  24 blink frogs
  5 wind drakes
  A fire giant simulacrum (Vaults:4)
  A spectral black mamba (Gauntlet)
  11 dream sheep
  A tarantella (shapeshifter) (Vaults:3)
  3 air elementals (Elf:3)
  48 redbacks
  2 shadows
  21 tarantellas
  A vampire (D:12)
  10 water elementals
  23 yaks
  A yak (shapeshifter) (Elf:2)
  A ynoxinul (Lair:6)
  2 fire elementals
  4 wyverns
  6 wraiths
  6 humans (Elf:1)
  Grum (D:11)
  A hog (Elf:1)
  2 large abominations (Lair:6)
  4 basilisks
  2 steam dragons (D:7)
  3 neqoxecs
  2 chaos spawn
  4 vampire mosquitoes (D:11)
  4 wargs
  2 demonic crawler simulacra (IceCv)
  15 water moccasins
  11 small abominations
  A hell hound (Gauntlet)
  33 orc warriors
  3 ugly thing simulacra (IceCv)
  4 ice beasts
  A black bear (shapeshifter) (Lair:6)
  3 necrophages
  3 sky beasts
  12 ogres
  2 ettin simulacra (Vaults:2)
  5 boggarts
  19 wolves
  12 centaurs
  15 bullfrogs
  3 kobold brigands
  4 scorpions
  A glowing shapeshifter simulacrum (IceCv)
  2 earth elementals
  2 water moccasin skeletons (D:6)
  23 killer bees
  8 electric eels
  12 wights
  8 howler monkeys
  A lava snake (Orc:1)
  6 centaur zombies
  5 jellies
  4 hounds
  25 orc priests
  2 gnoll shamans
  2 iguanas (D:6)
  21 orc wizards
  8 hell rats
  2 killer bee zombies
  2 hound skeletons
  A howler monkey zombie (D:9)
  A gnoll (shapeshifter) (Lair:6)
  3 gnolls (D:7)
  8 adders
  A shadow imp (D:7)
  2 white imps
  An ufetubus (D:5)
  5 worms
  2 dart slugs (D:1)
  86 orcs
  5 ball pythons
  5 endoplasms
  3 giant cockroaches
  8 goblins
  7 hobgoblins
  6 jackals
  21 kobolds
  5 quokkas
  5 bats
  4 frilled lizards
  3 rats
1644 creatures vanquished.

Vanquished Creatures (others)
  Nessos (Lair:5)
  A merfolk avatar (Shoals:4)
  A deep elf knight (Elf:2)
  An orange crystal statue (Elf:1)
  2 deep elf pyromancers
  2 tarantellas
  A kobold (D:9)
  12 fungi
  111 plants
  2 starspawn tentacles (Abyss:3)
  A withered plant (Gauntlet)
135 creatures vanquished.

Grand Total: 1779 creatures vanquished

Notes
Turn   | Place    | Note
-------+----------+-------------------------------------------
     0 | D:1      | Peloso the Minotaur Fighter began the quest for the Orb.
     0 | D:1      | Reached XP level 1. HP: 19/19 MP: 0/0
   273 | D:1      | Reached XP level 2. HP: 27/27 MP: 1/1
   332 | D:1      | Found a faded altar of an unknown god.
  1061 | D:2      | Reached XP level 3. HP: 29/33 MP: 2/2
  1730 | D:2      | Reached XP level 4. HP: 40/40 MP: 3/3
  2527 | D:3      | Reached XP level 5. HP: 35/46 MP: 4/4
  3171 | D:4      | Noticed a necrophage
  3180 | D:3      | Killed a necrophage
  3181 | D:3      | Reached skill level 5 in Long Blades
  3181 | D:3      | Reached skill level 5 in Armour
  3299 | D:4      | Found a staircase to the Ecumenical Temple.
  3308 | D:4      | Reached XP level 6. HP: 47/53 MP: 5/5
  3323 | Temple   | Entered the Ecumenical Temple
  3563 | D:4      | Found the +7 great mace "Undeadhunter" {disrupt, rN+}
  3838 | D:5      | Entered Level 5 of the Dungeon
  3961 | D:5      | Found a sacrificial altar of Ru.
  3964 | D:5      | Found a broken altar of Ashenzari.
  3965 | D:5      | Found a shadowy altar of Dithmenos.
  3965 | D:5      | Found a glowing golden altar of the Shining One.
  3965 | D:5      | Found an opulent altar of Gozag.
  3976 | D:5      | Reached XP level 7. HP: 27/60 MP: 6/6
  4181 | D:5      | Found an iron altar of Okawaru.
  4197 | D:5      | Found a sparkling altar of Nemelex Xobeh.
  4205 | D:5      | Became a worshipper of Warmaster Okawaru
  4230 | D:5      | Reached skill level 5 in Fighting
  4409 | D:5      | Reached * piety under Okawaru
  4423 | D:5      | Reached XP level 8. HP: 55/69 MP: 7/7
  5136 | D:6      | Reached ** piety under Okawaru
  5511 | D:6      | Found a basalt altar of Yredelemnul.
  5522 | D:6      | Reached skill level 10 in Long Blades
  5636 | D:6      | Reached XP level 9. HP: 63/78 MP: 8/8
  6309 | D:7      | Noticed a kobold demonologist
  6310 | D:7      | Noticed a rust devil
  6331 | D:7      | Killed a kobold demonologist
  6348 | D:7      | Reached skill level 5 in Shields
  6544 | D:7      | Noticed a gargoyle
  6555 | D:7      | Killed a gargoyle
  6555 | D:7      | Reached *** piety under Okawaru
  6556 | D:7      | Reached skill level 1 in Dodging
  6828 | D:7      | Reached **** piety under Okawaru
  6949 | D:7      | Reached XP level 10. HP: 88/88 MP: 9/9
  7567 | D:8      | Noticed a two-headed ogre
  7575 | D:8      | Killed a two-headed ogre
  7575 | D:8      | Received a gift from Okawaru
  7576 | D:8      | Reached skill level 1 in Invocations
  7757 | D:8      | Noticed a death yak
  7765 | D:8      | Noticed a death yak
  7786 | D:8      | Killed a death yak
  7786 | D:8      | Reached ***** piety under Okawaru
  7791 | D:8      | Noticed a death yak
  7799 | D:8      | Killed a death yak
  7807 | D:8      | Killed a death yak
  8051 | D:8      | Received a gift from Okawaru
  8254 | D:8      | Noticed Erica
  8264 | D:8      | Killed Erica
  8265 | D:8      | Reached skill level 10 in Armour
  8265 | D:8      | Reached XP level 11. HP: 42/97 MP: 9/11
  8580 | D:8      | Found a staircase to the Lair.
  8613 | D:8      | Noticed Gastronok
  8627 | D:8      | Killed Gastronok
  8628 | D:8      | Reached skill level 15 in Long Blades
  8644 | D:8      | Found Giridon's Jewellery Emporium.
  9142 | D:9      | Found a staircase to the Orcish Mines.
  9808 | D:9      | Reached skill level 10 in Fighting
 10111 | D:9      | Identified a scroll of acquirement
 10762 | D:10     | Entered Level 10 of the Dungeon
 10774 | D:10     | Reached skill level 1 in Stealth
 10987 | D:10     | Found a snail-covered altar of Cheibriados.
 10990 | D:10     | Identified the +3 chain mail of Qothrini {Int+7}
 11245 | D:10     | Found a burning altar of Makhleb.
 11312 | D:10     | Identified the +7 glaive of Joyful Slaughter {vorpal, *Slow
                  | Fly rN+}
 11427 | D:11     | Noticed Psyche
 11439 | D:11     | Killed Psyche
 11444 | D:11     | Received a gift from Okawaru
 11609 | D:11     | Noticed Josephine
 11624 | D:11     | Killed Josephine
 11675 | D:11     | Reached XP level 12. HP: 90/110 MP: 12/12
 11827 | D:11     | Noticed a two-headed ogre
 11831 | D:11     | Killed a two-headed ogre
 11834 | D:11     | Noticed Grum
 11841 | D:11     | Killed Grum
 12325 | Lair:1   | Entered Level 1 of the Lair of Beasts
 12338 | Lair:1   | Noticed a six-headed hydra
 12345 | Lair:1   | Killed a three-headed hydra
 13399 | Lair:1   | Noticed Nergalle
 13409 | Lair:1   | Killed Nergalle
 13667 | Lair:2   | Received a gift from Okawaru
 13866 | Lair:2   | Found a frozen archway.
 13874 | Lair:2   | HP: 5/113 [ice devil (9)]
 14166 | IceCv    | Entered an ice cave
 14174 | IceCv    | Received a gift from Okawaru
 14187 | IceCv    | Acquired the +8 double sword "Giantbane" {freeze, rC+ rN+}
 14585 | IceCv    | Reached ****** piety under Okawaru
 14856 | IceCv    | Reached XP level 13. HP: 122/122 MP: 13/13
 15216 | IceCv    | Noticed a quicksilver ooze
 15225 | IceCv    | Killed a quicksilver ooze
 15375 | IceCv    | Found a viscous altar of Jiyva.
 15375 | IceCv    | Noticed an azure jelly
 15384 | IceCv    | Killed an azure jelly
 15385 | IceCv    | Noticed an azure jelly
 15396 | IceCv    | Killed an azure jelly
 15409 | IceCv    | Identified the amulet "Waisasam" {Reflect Int+3 Dex+3 SH+5}
 16028 | Lair:2   | Found a staircase to the Shoals.
 16169 | Lair:2   | Found a hole to the Spider Nest.
 16783 | D:12     | Reached skill level 10 in Shields
 16964 | D:12     | Found an iron altar of Okawaru.
 17635 | Lair:3   | Identified the +1 plate armour of Histrionic Curiosity
                  | {Rampage rPois Dex-2 Slay+2} (Okawaru gifted it to you on
                  | level 3 of the Lair of Beasts)
 17635 | Lair:3   | Received a gift from Okawaru
 18889 | Lair:4   | Reached XP level 14. HP: 113/133 MP: 14/14
 19309 | Lair:4   | Reached skill level 15 in Fighting
 19594 | Lair:4   | You are sucked into a shaft and drop 2 floors!
 19594 | Lair:6   | Entered Level 6 of the Lair of Beasts
 19595 | Lair:6   | Found a corrupted altar of Lugonu.
 19752 | Lair:6   | Identified the +5 eveningstar "Lilleshu" {vamp, Dex+3}
                  | (Okawaru gifted it to you on level 6 of the Lair of Beasts)
 19752 | Lair:6   | Received a gift from Okawaru
 20294 | Lair:5   | Noticed Nessos
 20311 | Lair:5   | Killed Nessos
 20318 | Lair:5   | HP: 6/135 [poisoned by Nessos]
 21290 | Lair:5   | Found a staircase to the Slime Pits.
 21517 | Lair:5   | Upgraded the game from 0.28-a0-1202-g1e6f1b2279 to
                  | 0.28-a0-1212-gc6b4282bc0
 21661 | Lair:6   | Received a gift from Okawaru
 22085 | Lair:6   | Reached skill level 1 in Evocations
 22193 | Lair:6   | Received a gift from Okawaru
 22539 | Lair:6   | Noticed Snorg
 22544 | Lair:6   | Killed Snorg
 22681 | Lair:6   | Found a one-way gate to the infinite horrors of the Abyss.
 22686 | Lair:6   | Reached skill level 15 in Armour
 22951 | Lair:6   | Reached XP level 15. HP: 126/144 MP: 15/15
 23327 | Orc:1    | Entered Level 1 of the Orcish Mines
 23341 | Orc:1    | Noticed an orc warlord
 23354 | Orc:1    | Killed an orc warlord
 23870 | Orc:1    | Received a gift from Okawaru
 24123 | Orc:2    | Entered Level 2 of the Orcish Mines
 24462 | Orc:2    | Found Umoisus's General Store.
 24477 | Orc:2    | Gained mutation: You are dopey. (Int -2) [a neqoxec]
 24500 | Orc:2    | Found Qeovvulo's General Store.
 25027 | Orc:2    | Received a gift from Okawaru
 25288 | Orc:2    | Found Cunisk's Book Shoppe.
 25288 | Orc:2    | Found Poes's Antique Weapon Emporium.
 25289 | Orc:2    | Found a one-way gate leading to the halls of Pandemonium.
 25408 | Orc:2    | Found a staircase to the Elven Halls.
 25487 | Orc:2    | Noticed Urug
 25501 | Orc:2    | Killed Urug
 25736 | D:13     | Found a gate leading to a gauntlet.
 25745 | Gauntlet | Entered a Gauntlet
 25745 | Gauntlet | Found a transporter.
 25751 | Gauntlet | Found a transporter.
 25754 | Gauntlet | Found a transporter.
 25761 | Gauntlet | Found a transporter.
 25766 | Gauntlet | Found a transporter.
 25770 | Gauntlet | Found a transporter.
 25775 | Gauntlet | Found a transporter.
 25782 | Gauntlet | Found a transporter.
 25786 | Gauntlet | Found a transporter.
 25793 | Gauntlet | Found a transporter.
 25798 | Gauntlet | Found a transporter.
 25802 | Gauntlet | Found a transporter.
 25813 | Gauntlet | Found a transporter.
 25831 | Gauntlet | Found a transporter.
 26126 | Gauntlet | Identified the +7 ring mail of Mirth {rElec Str+3 Int-4}
                  | (Okawaru gifted it to you in a Gauntlet)
 26126 | Gauntlet | Received a gift from Okawaru
 26676 | D:13     | Identified the +5 chain mail of the Trilobite {rF++ Str+3}
 27157 | D:14     | Found a gate to the Vaults.
 27488 | D:14     | Found an ancient bone altar of Kikubaaqudgha.
 27582 | D:14     | Found Moontos's Weapon Shop.
 27899 | D:14     | Reached XP level 16. HP: 156/156 MP: 16/16
 27950 | D:14     | Reached skill level 15 in Shields
 28186 | D:14     | Identified the +7 hand axe of the Battered Ears {freeze,
                  | *Rage Str+9 Int+4 Dex+3}
 28205 | D:14     | Identified the +7 falchion "Isaor" {vorpal, rN+ Int+3}
                  | (Okawaru gifted it to you on level 14 of the Dungeon)
 28205 | D:14     | Received a gift from Okawaru
 28626 | D:15     | Entered Level 15 of the Dungeon
 28657 | D:15     | Found Dextub's Armour Emporium.
 28794 | D:15     | Found a staircase to the Depths.
 29291 | D:15     | Received a gift from Okawaru
 30837 | Elf:1    | Entered Level 1 of the Elven Halls
 30837 | Elf:1    | Found Zequd's Book Emporium.
 30841 | Elf:1    | Noticed Kirke
 30850 | Elf:1    | Killed Kirke
 31081 | Elf:1    | Found a runed translucent door.
 31084 | Elf:1    | Noticed confidenceinterval's ghost (adept DsNe)
 31133 | Elf:1    | Found Dutweschekk's Armour Boutique.
 31145 | Elf:1    | Bought the +11 plate armour of Asawiqaf {rN+ Will+ rCorr
                  | Stlth-} for 1584 gold pieces
 31170 | Elf:1    | Found Qiseuph's Antique Armour Emporium.
 31177 | Elf:1    | Bought a runed scarf for 256 gold pieces
 31213 | Elf:1    | Noticed Nikola
 31223 | Elf:1    | Killed Nikola
 31519 | Elf:1    | Found Pucruofo's Antique Armour Boutique.
 31966 | Elf:1    | Found Vodesyh's Distillery.
 31974 | Elf:1    | Bought a potion of might for 72 gold pieces
 32075 | Elf:1    | Killed confidenceinterval's ghost
 32093 | Elf:1    | Acquired 1073 gold pieces
 32124 | Elf:1    | Bought a +2 pair of boots of flying for 344 gold pieces
 32165 | Elf:2    | Received a gift from Okawaru
 32363 | Elf:2    | Reached XP level 17. HP: 138/168 MP: 17/17
 33394 | Elf:2    | Received a gift from Okawaru
 33629 | Elf:2    | Received a gift from Okawaru
 34930 | Elf:2    | Found a runed translucent gate.
 34931 | Elf:2    | Found a runed translucent gate.
 34931 | Elf:2    | Found a runed translucent gate.
 35422 | Elf:3    | Entered Level 3 of the Elven Halls
 35731 | Elf:3    | Paralysed by an air elemental for 1 turns
 35794 | Elf:3    | Paralysed by an air elemental for 1 turns
 36110 | Elf:1    | Bought a brightly glowing plate armour for 644 gold pieces
 36110 | Elf:1    | Identified the +11 plate armour "Kibbe" {+Inv Will+} (You
                  | bought it in a shop on level 1 of the Elven Halls)
 36441 | Shoals:1 | Entered Level 1 of the Shoals
 37789 | Shoals:2 | Received a gift from Okawaru
 37936 | Shoals:2 | Found Aruomij's Weapon Shop.
 38076 | Shoals:2 | Reached skill level 5 in Dodging
 38153 | Shoals:2 | Reached XP level 18. HP: 153/178 MP: 12/18
 38442 | Shoals:2 | Identified the +1 scale mail of Beem Alu {Int+5}
 38561 | Shoals:2 | Noticed Donald
 38577 | Shoals:2 | Killed Donald
 39080 | Shoals:3 | Received a gift from Okawaru
 40637 | Spider:1 | Entered Level 1 of the Spider Nest
 40785 | Spider:1 | Noticed Jorgrun
 40787 | Spider:1 | Noticed Frances
 40794 | Spider:1 | Killed Jorgrun
 40799 | Spider:1 | Killed Frances
 41184 | Spider:1 | Noticed Asterion
 41195 | Spider:1 | Killed Asterion
 42384 | Spider:2 | Received a gift from Okawaru
 44307 | Elf:3    | Paralysed by an air elemental for 1 turns
 44608 | Elf:3    | Identified the +5 rapier "Yfimipti" {flame, Drain MP+9
                  | Dex+3 SInv}
 44608 | Elf:3    | Identified the ring of Psychosis {Drain rPois Str+6 Int+4}
 44656 | Elf:3    | Reached XP level 19. HP: 156/188 MP: 8/20
 45557 | Elf:3    | Identified the +8 broad axe of the Saviour {vorpal, Dex+2}
 45557 | Elf:3    | Identified the ring of Zeppemiuwk {rC- rN+ rCorr EV+4
                  | Str+3}
 45872 | Elf:3    | Found the macabre finger necklace {rN+}
 45929 | Elf:3    | Identified the amulet of Teweups {-Cast rElec rPois rC+
                  | Regen+}
 46568 | Shoals:4 | Entered Level 4 of the Shoals
 46602 | Shoals:4 | Identified the +2 dagger "Otryew" {freeze, +Blink rC+ Str+4
                  | Dex+4}
 46627 | Shoals:4 | Noticed Polyphemus
 46636 | Shoals:4 | Received a gift from Okawaru
 46648 | Shoals:4 | Killed Polyphemus
 47440 | Shoals:4 | Got a barnacled rune of Zot
 48155 | Spider:3 | Identified Roxanne's Volume of Transmutation
 48155 | Spider:3 | Noticed Roxanne
 48166 | Spider:3 | Killed Roxanne
 49220 | Spider:4 | Entered Level 4 of the Spider Nest
 49327 | Spider:4 | Noticed Arachne
 49343 | Spider:4 | Killed Arachne
 49394 | Spider:4 | Identified the +5 hat of Tartarus {rF+ Str+2} (Okawaru
                  | gifted it to you on level 4 of the Spider Nest)
 49394 | Spider:4 | Received a gift from Okawaru
 50294 | Spider:4 | Got a gossamer rune of Zot
 50508 | Spider:4 | Reached XP level 20. HP: 160/200 MP: 10/21
 51012 | Spider:4 | Found a runed translucent door.
 51014 | Spider:4 | Noticed Goaghut's ghost (adept KoBe)
 51193 | Spider:4 | Killed Goaghut's ghost
 51504 | Vaults:1 | Entered Level 1 of the Vaults
 51710 | Vaults:1 | Noticed Agnes
 51721 | Vaults:1 | Cast into level 3 of the Abyss (Agnes)
 51783 | Vaults:1 | Escaped the Abyss
 51787 | Vaults:1 | Killed Agnes
 52137 | Vaults:1 | Received a gift from Okawaru
 52220 | Vaults:1 | Found Fatexto's Antique Armour Emporium.
 52280 | Vaults:1 | Found Nojephurut's Armour Shop.
 52605 | Vaults:1 | Found Iclizxuh's Assorted Antiques.
 52610 | Vaults:1 | Bought a dazzling plate armour for 896 gold pieces
 52610 | Vaults:1 | Identified the +0 plate armour "Paytekhla" {rN+ Int-3
                  | Stlth+} (You bought it in a shop on level 1 of the Vaults)
 52659 | Vaults:1 | Identified the +10 hunting sling of the Revolution {vorpal,
                  | rPois rF+ Int+4 Dex-3} (Okawaru gifted it to you on level 1
                  | of the Vaults)
 52659 | Vaults:1 | Received a gift from Okawaru
 53808 | Vaults:1 | Found Telurr's Magic Scroll Shop.
 53808 | Vaults:1 | Found Uggooxka's General Store.
 53905 | Vaults:1 | Bought a scroll of teleportation for 54 gold pieces
 53905 | Vaults:1 | Bought a scroll of teleportation for 54 gold pieces
 53905 | Vaults:1 | Bought a scroll of magic mapping for 63 gold pieces
 54119 | Vaults:2 | Noticed Jory
 54134 | Vaults:2 | Killed Jory
 54134 | Vaults:2 | Received a gift from Okawaru
 55293 | Vaults:2 | Found Noroish's Assorted Antiques.
 55301 | Vaults:2 | Noticed Margery
 55314 | Vaults:2 | Killed Margery
 55822 | Vaults:2 | Received a gift from Okawaru
 56477 | Vaults:2 | Reached XP level 21. HP: 189/214 MP: 12/22
 56685 | Vaults:2 | Found a runed translucent door.
 56687 | Vaults:2 | Noticed Qeott's ghost (adept GnCj)
 56701 | Vaults:2 | Killed Qeott's ghost
 57768 | Vaults:3 | Found a huge runed gate.
 57768 | Vaults:3 | Found a huge runed gate.
 57768 | Vaults:3 | Found a huge runed gate.
 57769 | Vaults:3 | Found a huge runed gate.
 57770 | Vaults:3 | Found a huge runed gate.
 57771 | Vaults:3 | Found a huge runed gate.
 57772 | Vaults:3 | Found a huge runed gate.
 57772 | Vaults:3 | Found a huge runed gate.
 57803 | Vaults:3 | Found a huge runed gate.
 57807 | Vaults:3 | Found a huge runed gate.
 57873 | Vaults:3 | Acquired 418 gold pieces
 58133 | Vaults:3 | Received a gift from Okawaru
 58875 | Vaults:3 | Found a staircase to the Crypt.
 59072 | Vaults:3 | Noticed Xtahua
 59079 | Vaults:3 | Killed Xtahua
 59699 | Vaults:3 | Identified the +0 buckler "Arhui" {-Tele Int+5}
 60281 | Vaults:4 | Found Miqepes's Book Shop.
 60539 | Vaults:4 | Noticed an ancient lich
 60554 | Vaults:4 | Killed an ancient lich
 61512 | Vaults:4 | Found Gobish's Jewellery Shop.
 61730 | Vaults:4 | Reached XP level 22. HP: 202/228 MP: 16/23
 61894 | Vaults:4 | Identified the +0 robe of the Final Mystics {Int+4 Dex+4
                  | SInv Stlth+} (Okawaru gifted it to you on level 4 of the
                  | Vaults)
 61894 | Vaults:4 | Received a gift from Okawaru
 62898 | Vaults:5 | Entered Level 5 of the Vaults
 62899 | Vaults:5 | Noticed a golden dragon
 62912 | Vaults:5 | Killed a golden dragon
 62912 | Vaults:5 | Killed by an exploding golden dragon... ignited by their
                  | inner flame

Illustrated notes

Levels and vault maps discovered:
D:1:      dpeg_arrival_arbitrary_a, layout_basic,
          chequers_ecumenical_altar_island, supply_closet_lemuel,
          minmay_shallow_snake_nest
D:2:      layout_loops_ring
D:3:      layout_loops_corners
D:4:      layout_rooms, minmay_temple_entry_overgrown
D:5:      layout_basic, nicolae_overflow_squiral, grunt_temple_overflow_open,
          grunt_tough_drop
D:6:      layout_basic, old_standard_altar
D:7:      layout_loops_corners, minmay_manual_mandibuliform
D:8:      layout_loops_ring, dpeg_lair_monsters, serial_shops,
          nicolae_shop_behind_doors, uniq_erica, uniq_gastronok
D:9:      layout_basic, minmay_orc_entry_temple_small, minmay_circle_x
D:10:     layout_rooms, mainiacjoe_overflow_catwalk, cheibriados_altar_1,
          special_room [special_room_orc]
D:11:     layout_rooms, mrwooster_statue_mirror, uniq_grum, uniq_psyche,
          uniq_josephine
D:12:     layout_cave_pools, serial_glass, glass_columns_c, glass_columns_c,
          okawaru_gym_becter
D:13:     layout_basic, gauntlet_entry_generic
D:14:     minmay_the_grid_triangle_9x9_recursive_3
          [minmay_the_grid_triangle_9x9_steps,
          minmay_the_grid_triangle_9x9_zippers_vertical,
          minmay_the_grid_triangle_9x9_swiss_cheese,
          minmay_the_grid_triangle_9x9_prize_schism,
          minmay_the_grid_triangle_9x9_odd_lines,
          minmay_the_grid_triangle_9x9_pentomino_pain,
          minmay_the_grid_triangle_9x9_semitri,
          minmay_the_grid_triangle_9x9_descending_squares,
          minmay_the_grid_triangle_9x9_windchime], layout_irregular_city,
          erik_vaults_2, serial_shops, nicolae_take_the_stairs,
          nicolae_kikubaaqudgha_miasma_corner
D:15:     gammafunk_depths_entry_grave, layout_loops_cross, serial_shops,
          nicolae_shop_hallway_plus, hex_tiny
Temple:   minmay_temple_bridge_abc
Lair:1:   layout_cave_pods, uniq_nergalle
Lair:2:   layout_chaotic_city, minmay_shoals_entry_hut,
          spider_nest_entry_web_field, portal_ice_cave_demonic_guard,
          grunt_megastairs_2
Lair:3:   layout_gridlike, infiniplex_staircase_pool_2, grunt_megastairs_1
Lair:4:   layout_loops_ring
Lair:5:   layout_long_grid, minmay_slime_entry_oklob_enclosed,
          serial_bayou_shore_a, uniq_nessos
Lair:6:   hellmonk_lair_end_abyssal_woods, layout_hall_layers,
          lemuel_fruit_tree, uniq_snorg
Shoals:1: layout_shoals
Shoals:2: layout_shoals, serial_shops, nicolae_shop_bloodbath_and_beyond,
          uniq_donald
Shoals:3: layout_shoals, hangedman_shoals_cup_caves
Shoals:4: shoals_end_grunt_garden, layout_shoals, uniq_polyphemus
Spider:1: layout_spider_delve, uniq_asterion, uniq_jorgrun, uniq_frances
Spider:2: cheibrodos_forgotten_conduit, nicolae_looking_at_the_future
Spider:3: layout_spider_delve, nicolae_spider_bug_shape, uniq_roxanne
Spider:4: johnstein_spider_rune_arachne_lair, ebering_ghost_reflecting_pool,
          nicolae_spider_spiderdrome
Orc:1:    layout_caves, nicolae_orc_lava_tube
Orc:2:    pf_orc_diabolical, layout_diamond_mine, basic_altar, uniq_urug
Elf:1:    layout_rooms, hellmonk_ghost_happy_afterlife, serial_shops,
          shop_statue, shop_fountains, nicolae_shop_hallway_plus, shop,
          nicolae_shop_statue_plus, hangedman_elf_represent, minivault_16,
          uniq_kirke, uniq_nikola
Elf:2:    nicolae_elf_blades_crystal_corner, layout_onion_city
Elf:3:    minmay_elf_hall_spiked, layout_geoelf_grid,
          nicolae_elf_glass_and_crystal_pillar_2
Vaults:1: vaults_room_semicircle, grunt_vaults_swirl, v_misc_10,
          nicolae_vaults_specimen_jars, v_misc_25, grunt_vaults_focal,
          sword_in_stone, v_misc_9, nicolae_vaults_yaktaur_gun_rack,
          vaults_room_door_hall, ontoclasm_vaults_gateway, v_misc_1,
          nicolae_vaults_little_ls, layout_vaults_maze, serial_shops,
          nicolae_shop_advertising_works [nicolae_subvault_shop_adworks],
          nicolae_shop_crystal, shop_coins, shop, shop_fountains
Vaults:2: ebering_ghost_inner_flame, nicolae_vaults_rhombus_5,
          hangedman_vaults_restitches, ontoclasm_vaults_spin,
          nicolae_vaults_little_squares_3, nicolae_vaults_diagonal_hallway_7,
          v_alt_pattern_2, nicolae_vaults_what_the_h, dpeg_vaults_waves,
          hangedman_vaults_locks, vaults_dpeg_ring, dpeg_vaults_monster_box,
          layout_vaults_omnicross, serial_shops, nicolae_shop_hallway_plus,
          uniq_jory, uniq_margery
Vaults:3: vaults_mumra_chevron_long, ontoclasm_vaults_eye,
          ontoclasm_vaults_tryst, door_vault, ontoclasm_vaults_ligature,
          minmay_crypt_entry_simple_walls, nicolae_vaults_network_periphery,
          v_misc_4, hangedman_vaults_snaps, nicolae_vaults_sealed_display,
          vaults_dpeg_hooks, ontoclasm_vaults_chip, layout_vaults_omnibox,
          uniq_xtahua
Vaults:4: hangedman_vaults_slice, vaults_dpeg_spiral, vaults_room_grid,
          v_misc_22, vaults_room_stairs_pillars, v_misc_28, st_lattice,
          vaults_room_octagon, hangedman_vaults_impose, vaults_room_fours,
          nicolae_vaults_shelves_hall, layout_vaults_omnigrid, serial_shops,
          shop, nicolae_shop_stone
Vaults:5: serial_shops

Skill      XL: |  1  2  3  4  5  6  7  8  9 10 11 12 13 14 15 16 17 18 19 20 21 22 |
---------------+-------------------------------------------------------------------+-----
Armour         | 4 5 6 8 9 10 11 12 14 15 16 17 18 19 | 19.4
Fighting       | 4 5 6 7 9 11 13 14 16 17 19 20 22 24 25 26 | 26.0
Long Blades    | 3 4 5 6 8 10 12 14 16 17 18 19 20 21 22 23 24 25 | 25.2
Shields        | 4 5 6 7 8 10 12 14 16 18 21 22 24 26 | 26.7
Dodging        | 1 2 3 4 5 6 |  6.3
Invocations    | 1 2 |  2.7
Stealth        | 1 2 3 |  3.2
Evocations     | 1 2 |  2.1

Action                   |  1- 3 |  4- 6 |  7- 9 | 10-12 | 13-15 | 16-18 | 19-21 | 22-24 || total
-------------------------+-------+-------+-------+-------+-------+-------+-------+-------++-------
Melee: Long sword        |    87 |       |       |       |       |       |       |       ||    87
       Headbutt          |    12 |    19 |    37 |   124 |   303 |   363 |   511 |    14 ||  1383
       Double sword      |       |   111 |   238 |   551 |   910 |  1202 |  1493 |    44 ||  4549
       Scimitar          |       |       |       |     4 |   151 |       |       |       ||   155
Invok: Heroism           |       |       |     1 |     6 |     7 |     8 |     2 |       ||    24
Evoke: Wand              |       |       |       |       |     6 |     6 |     1 |       ||    13
  Use: Potion            |     2 |       |       |     4 |     1 |     7 |       |     2 ||    16
       Scroll            |       |     4 |     2 |    15 |    10 |     7 |     7 |     2 ||    47
 Stab: Distracted        |       |       |       |       |       |       |     1 |       ||     1
Armor: Scale mail        |    49 |    28 |       |       |       |       |       |       ||    77
       Chain mail        |       |    26 |    73 |    99 |    86 |    72 |       |       ||   356
       Plate armour      |       |       |    42 |   187 |   304 |   542 |   651 |    45 ||  1771
Dodge: Dodged            |    45 |    45 |    60 |   189 |   265 |   391 |   419 |    19 ||  1433
       Repelled          |       |       |       |       |     5 |     1 |       |       ||     6
Block: Buckler           |    14 |    22 |    40 |   129 |   641 |    28 |       |       ||   874
       Reflection        |       |       |       |       |    16 |    89 |    74 |     7 ||   186
       Kite shield       |       |       |       |       |       |  1449 |  1796 |    97 ||  3342

Table legend: (Time is in decaauts)
 A = Elapsed time spent in this place.
 B = Non-inter-level travel time spent in this place.
 C = Inter-level travel time spent in this place.
 D = Time resting spent in this place.
 E = Time spent auto-exploring this place.
 F = Levels seen in this place.
 G = Mean time per level.
                   A        B        C        D        E       F      G
               +--------+--------+--------+--------+--------+-----+--------+
         Total |  61803 |  57265 |   4538 |   9028 |  35675 |  43 | 1437.3 |
       Dungeon |  18022 |  16136 |   1886 |    696 |  12437 |  15 | 1201.5 |
        Temple |    207 |    207 |      0 |      0 |    161 |   1 |  207.0 |
          Lair |   9975 |   8620 |   1355 |   1907 |   4610 |   6 | 1662.5 |
        Shoals |   5431 |   5183 |    248 |     71 |   3962 |   4 | 1357.8 |
   Spider Nest |   5757 |   5445 |    312 |    709 |   3371 |   4 | 1439.2 |
  Orcish Mines |   2329 |   2199 |    130 |    100 |   1531 |   2 | 1164.5 |
   Elven Halls |   7653 |   7382 |    271 |   2915 |   2709 |   3 | 2551.0 |
        Vaults |  10517 |  10184 |    333 |   2108 |   6213 |   5 | 2103.4 |
         Abyss |     60 |     60 |      0 |      0 |     20 |   1 |   60.0 |
      Ice Cave |   1303 |   1303 |      0 |    318 |    659 |   1 | 1303.0 |
      Gauntlet |    544 |    544 |      0 |    204 |      2 |   1 |  544.0 |
               +--------+--------+--------+--------+--------+-----+--------+

Top non-repeatable levels by time:
Vaults:2: 3373 daAuts
   Elf:2: 2842 daAuts
   Elf:3: 2799 daAuts
Vaults:3: 2501 daAuts
     D:8: 2429 daAuts
Vaults:1: 2360 daAuts
Vaults:4: 2271 daAuts
  Lair:5: 2171 daAuts
   Elf:1: 2012 daAuts
Spider:1: 1910 daAuts
  Lair:2: 1784 daAuts
Spider:4: 1748 daAuts
  Lair:6: 1723 daAuts
     D:9: 1710 daAuts
  Lair:1: 1687 daAuts
